 Dungeon Crawl Stone Soup version 0.18.1-50-g88ac8fd (webtiles) character file.

709 Monkfish the Covert (level 8, -4/46 HPs)
             Began as a Kobold Assassin on Oct 22, 2016.
             Slain by grisgris's ghost (12 damage)
             ... on level 4 of the Dungeon.
             The game lasted 00:07:51 (3854 turns).

Monkfish the Covert (Kobold Assassin)               Turns: 3854, Time: 00:07:52

Health: -4/46      AC:  4    Str: 11    XL:     8   Next: 0%
Magic:  8/8        EV: 14    Int: 14    God:
Gold:   234        SH:  0    Dex: 18    Spells: 0 memorised, 7 levels left

rFire  . . .     SeeInvis .     q - +1 dagger (distort)
rCold  . . .     Gourm    .     c - +0 robe
rNeg   . . .     Faith    .     (shield restricted)
rPois  +         Spirit   .     (no helmet)
rElec  .         Dismiss  .     d - +1 cloak
rCorr  .         Reflect  .     (no gloves)
SustAt .         Harm     .     (no boots)
MR     .....                    (no amulet)
Stlth  +++++.....               p - +5 ring of intelligence
                                o - ring of poison resistance

@: about to teleport, not resistant to hostile enchantments, quite stealthy
A: carnivore 3
a: no special abilities


You were on level 4 of the Dungeon.
You were full.

You visited 1 branch of the dungeon, and saw 4 of its levels.

You collected 234 gold pieces.

Inventory:

Hand Weapons
 a - a +2 dagger
 b - a +0 blowgun
 q - a +1 dagger of distortion (weapon)
Missiles
 e - 61 poisoned needles
 f - 2 curare-tipped needles
Armour
 c - a +0 robe (worn)
 d - a +1 cloak (worn)
Jewellery
 o - a ring of poison resistance (left hand)
 p - a +5 ring of intelligence (right hand)
 u - an uncursed ring of sustain attributes {unknown}
Scrolls
 h - 4 scrolls of identify
 i - 3 scrolls of enchant armour
 j - 2 scrolls of teleportation
 l - 3 scrolls of remove curse
 m - a scroll of fear
 n - a scroll of recharging
Potions
 k - 2 potions of heal wounds
 r - a potion of curing
 s - a potion of agility
 t - a potion of beneficial mutation {unknown}
 x - a potion of haste
Books
 v - a book of Spatial Translocations

   Spells                             Type                      Level
   a - Apportation                    Translocation                1
   b - Blink                          Translocation                2
   c - Shroud of Golubria             Charms/Translocation         2
   d - Portal Projectile              Translocation                3
   e - Teleport Other                 Translocation                3
   f - Passage of Golubria            Translocation                4
 w - a book of the Tempests

   Spells                             Type                      Level
   a - Static Discharge               Conjuration/Air              3
   b - Lightning Bolt                 Conjuration/Air              5
   c - Fireball                       Conjuration/Fire             5
   d - Tornado                        Air                          9
   e - Shatter                        Earth                        9
Comestibles
 g - a meat ration


   Skills:
 + Level 3.5 Fighting
 - Level 5.0 Short Blades
 * Level 4.6 Throwing
 - Level 1.2 Dodging
 + Level 9.9 Stealth


You had 7 spell levels left.
You didn't know any spells.

Dungeon Overview and Level Annotations

Branches:
Dungeon (4/15)
 Temple: D:4-7

Altars:
Gozag
Qazlal
Yredelemnul
Zin

Annotations:
D:4 grisgris's ghost, novice GrFi


Innate Abilities, Weirdness & Mutations

You are small and have problems with some larger weapons.
You are carnivorous and can eat meat at any time.


Message History

You see here a potion of haste.
x - a potion of haste The giant gecko misses you.
Grisgris's ghost hits you!
The giant gecko bites you but does no damage.
Grisgris's ghost hits you. The giant gecko misses you.
The giant gecko bites you. Grisgris's ghost completely misses you.
The giant gecko barely misses you.
Read which item? (? for menu, Esc to quit)
As you read the scroll of teleportation, it crumbles to dust.
You feel strangely unstable. Grisgris's ghost hits you!
* * * LOW HITPOINT WARNING * * *
Grisgris's ghost whispers, "You will understand me better in a moment."
Grisgris's ghost hits you.
* * * LOW HITPOINT WARNING * * *
The worker ant waves its antennae.
Grisgris's ghost hits you!
You die...

...........#
#...##...###
...........#
#...#...##
..)........#
#.....#.#
#####...)###
#...#...#
#....#
###...###
#....# #..##
#....# #la#
#[...# ##W##
#....# #@.#
#))..# ####
#<...#
######


You could see a worker ant, grisgris's ghost and a giant gecko.

Vanquished Creatures
  Sigmund (D:2)
  A hippogriff (D:2)
  A giant frog (D:3)
  A hound (D:4)
  2 orc priests (D:4)
  Ijyb (D:2)
  4 gnolls (D:3)
  5 adders
  4 oozes
  An adder skeleton (D:3)
  A worm (D:3)
  3 giant geckos (D:3)
  7 orcs
  12 bats
  2 giant cockroaches
  11 goblins
  10 hobgoblins
  7 jackals
  17 kobolds
  A quokka (D:2)
  4 giant newts
  9 rats
105 creatures vanquished.

Vanquished Creatures (others)
  An orc wizard (D:3)
  A hobgoblin (D:2)
  2 jackals (D:1)
  A kobold (D:2)
5 creatures vanquished.

Grand Total: 110 creatures vanquished

Notes
Turn   | Place    | Note
--------------------------------------------------------------
     0 | D:1      | Monkfish the Kobold Assassin began the quest for the Orb.
     0 | D:1      | Reached XP level 1. HP: 12/12 MP: 1/1
   207 | D:1      | Reached XP level 2. HP: 17/17 MP: 2/2
   325 | D:1      | Reached skill level 6 in Stealth
   331 | D:1      | Reached XP level 3. HP: 11/22 MP: 3/3
  1033 | D:2      | Reached XP level 4. HP: 23/27 MP: 4/4
  1066 | D:2      | Noticed Sigmund
  1423 | D:2      | Noticed Ijyb
  1912 | D:2      | Reached skill level 7 in Stealth
  1998 | D:2      | Killed Ijyb
  1998 | D:2      | Reached XP level 5. HP: 26/32 MP: 5/5
  2318 | D:2      | Killed Sigmund
  2318 | D:2      | Reached skill level 8 in Stealth
  2318 | D:2      | Reached XP level 6. HP: 20/37 MP: 6/6
  2383 | D:2      | Found a glowing silver altar of Zin.
  2491 | D:2      | Noticed a hippogriff
  2501 | D:2      | Killed a hippogriff
  2501 | D:2      | Reached XP level 7. HP: 41/41 MP: 7/7
  2641 | D:3      | Reached skill level 9 in Stealth
  3415 | D:3      | Found an opulent altar of Gozag.
  3670 | D:4      | Found a basalt altar of Yredelemnul.
  3670 | D:4      | Found a stormy altar of Qazlal.
  3751 | D:4      | Reached skill level 5 in Short Blades
  3751 | D:4      | Reached XP level 8. HP: 34/46 MP: 8/8
  3781 | D:4      | Noticed grisgris's ghost (novice GrFi)
  3854 | D:4      | Slain by grisgris's ghost

Skill      XL: |  1  2  3  4  5  6  7 |
---------------+----------------------+-----
Stealth        | 6 7 8 9 |  9.9
Throwing       | 3 4 |  4.6
Short Blades   | 3 4 5 |  5.0
Fighting       | 3 |  3.5
Dodging        | |  1.2

Action                   |  1- 3 |  4- 6 |  7- 9 || total
-------------------------+-------+-------+-------++-------
Melee: Dagger            |    78 |   100 |    92 ||   270
 Fire: Blowgun           |     2 |       |       ||     2
  Use: Potion            |     4 |     1 |     2 ||     7
       Scroll            |     4 |       |     6 ||    10
 Stab: Sleeping          |     8 |    11 |    20 ||    39
       Distracted        |       |     1 |     1 ||     2
  Eat: Chunk             |     1 |     4 |     3 ||     8
       Meat ration       |       |     1 |       ||     1
Armor: Robe              |    16 |    16 |    12 ||    44
Dodge: Dodged            |    50 |    46 |    33 ||   129
